 Dungeon Crawl Stone Soup version 0.10.2-40-g36e0077 character file.

491 Kumquat42 the Skirmisher (level 6, -4/51 HPs)
             Began as a Centaur Abyssal Knight on June 28, 2012.
             Was an Elder of Lugonu.
             Slain by a centaur (7 damage)
             ... on Level 4 of the Dungeon.
             The game lasted 00:22:51 (3306 turns).

Kumquat42 the Skirmisher (Centaur Abyssal Knight)   Turns: 3306, Time: 00:22:52

HP  -4/51        AC  4     Str 16      XL: 6   Next: 24%
MP   7/7         EV  9     Int 11      God: Lugonu [****..]
Gold 167         SH  0     Dex 10      Spells:  0 memorised,  5 levels left

Res.Fire  : + . .   See Invis. : .   a - +2 hand axe {=f}
Res.Cold  : + . .   Warding    : . . b - +0 leather armour
Life Prot.: . . .   Conserve   : .   (no shield)
Res.Acid. : . . .   Res.Corr.  : .   (no helmet)
Res.Poison: +       Clarity    : .   (no cloak)
Res.Elec. : +       Spirit.Shd : .   (no gloves)
Sust.Abil.: . .     Stasis     : .   (no barding)
Res.Mut.  : .       Ctrl.Telep.: .   (no amulet)
Res.Rott. : .       Levitation : .   (no ring)
Saprovore : . . .   Ctrl.Flight: .   (no ring)

@: very slightly contaminated, very quick, slightly resistant to hostile
enchantments, extremely unstealthy
A: hooves 3, deformed body, herbivore 1, speed 2, fast metabolism 1, tough skin
3, Dex +1
a: Depart the Abyss, Bend Space, Banish, Corrupt, Renounce Religion


You were on level 4 of the Dungeon.
You worshipped Lugonu.
Lugonu was extremely pleased with you.
You were not hungry.

You visited 1 branch of the dungeon, and saw 4 of its levels.
You visited the Abyss 1 time.

You collected 147 gold pieces.

Inventory:

Hand weapons
 a - a +2,+2 hand axe (weapon) {=f}
 k - a +2,+0 sling
 D - a +0 blowgun
Missiles
 d - 18 +3 darts
 e - 153 +0 stones
 l - 17 +1 bolts
 o - 9 +0 bolts
 r - 33 +0 darts
 s - 5 +0 javelins (quivered)
 v - 32 +1 arrows
 z - 21 silver +0 sling bullets
 C - 33 +0 sling bullets
 E - 11 poisoned +0 needles
 I - 24 +0 arrows
Armour
 b - a +0 leather armour (worn)
Comestibles
 c - 2 bread rations
 p - a meat ration
 w - a lychee
 F - an apple
Scrolls
 g - a scroll of fear
 h - 5 scrolls of teleportation {unknown}
 i - 2 scrolls of remove curse {unknown}
 j - a scroll of recharging {unknown}
 m - 4 scrolls of enchant armour {unknown}
 q - 2 scrolls of blinking
 t - a scroll of curse jewellery {unknown}
 x - a scroll of enchant weapon II {unknown}
 y - 2 scrolls of curse armour {unknown}
 H - a scroll of random uselessness {unknown}
Potions
 f - a potion of might {unknown}
 n - a potion of slowing {unknown}
 A - a potion of restore abilities {unknown}
 B - a potion of curing
 G - a potion of heal wounds {unknown}


   Skills:
 + Level 4,2 Fighting
 + Level 3,6 Axes
 + Level 2,6 Throwing
 + Level 2,8 Armour
 + Level 2,5 Dodging
 + Level 0,2 Stealth
 + Level 0,6 Traps & Doors
 + Level 2,3 Invocations


You had 5 spell levels left.
You didn't know any spells.

Dungeon Overview and Level Annotations

Branches:
Dungeon (4/27)
 Temple: D:4-7

Altars:
Ashenzari
Fedhas

Annotations
D:2 Sigmund


Innate Abilities, Weirdness & Mutations

You have hooves in place of feet.
Armour fits poorly on your strangely shaped body.
You digest meat inefficiently.
You cover ground very quickly.
You have a fast metabolism.
You have extremely tough skin (AC +3).
You are agile (Dex +1).


Message History

You see here an arrow.
The centaur unwields an uncursed bow.
The centaur hits you.
There is a blossoming altar of Fedhas here.
You hit the centaur.
The centaur is lightly wounded.
You feel sick.
You feel better. The centaur hits you.
You closely miss the centaur.
The centaur is lightly wounded.
The centaur hits you but does no damage.
The centaur hits you.
* * * LOW HITPOINT WARNING * * *
Drink which item? (? for menu, Esc to quit)
You feel protected.
You are very lightly contaminated with residual magic.
It was a potion of resistance.
The centaur hits you!
* * * LOW HITPOINT WARNING * * *
The centaur hits you!
You die...

.# #.......# .#
####'#### # #..# #.##
#####'#############
#...........(.....# #
#...........P(PPP.##+#
#
#...........P(PcP......
###...........PP@PP
'.#............PPPP
#.'.............PP..
###...........'....>..
# #...........###.
..... # #...........#
.<.. ############# ##


You could see a centaur.

Vanquished Creatures
  The ghost of Kumquat42 the Stinger, an average FeVM (D:4)
  A crimson imp (D:3)
  An orc priest (D:4)
  2 orc wizards
  A worker ant (D:4)
  5 adders
  3 giant geckos
  An ooze (D:1)
  7 orcs
  11 goblins
  8 hobgoblins
  A ball python (D:1)
  13 bats
  2 giant cockroaches
  6 giant newts
  12 kobolds
  12 rats
87 creatures vanquished.

Notes
Turn   | Place    | Note
--------------------------------------------------------------
     0 | Abyss    | Kumquat42, the Centaur Abyssal Knight, began the quest for the Orb.
     0 | Abyss    | Reached XP level 1. HP: 17/17 MP: 1/1
    60 | D:1      | You pass through the gate.
   450 | D:1      | Reached XP level 2. HP: 24/24 MP: 2/2
   550 | D:1      | Reached skill level 1 in Dodging
   883 | D:1      | Gained mutation: You are agile (Dex +1).
   929 | D:1      | Acquired Lugonu's second power
  1182 | D:2      | Reached XP level 3. HP: 30/30 MP: 4/4
  1284 | D:2      | Reached skill level 1 in Throwing
  1660 | D:2      | Noticed Sigmund
  1691 | D:2      | Acquired Lugonu's third power
  1742 | D:3      | Reached XP level 4. HP: 28/37 MP: 4/4
  2125 | D:3      | Found a shattered altar of Ashenzari.
  2278 | D:3      | Reached skill level 4 in Fighting
  2537 | D:3      | Reached XP level 5. HP: 44/44 MP: 5/5
  3193 | D:4      | Acquired Lugonu's fourth power
  3250 | D:4      | Noticed Kumquat42's ghost (average FeVM)
  3253 | D:4      | Killed Kumquat42's ghost
  3253 | D:4      | Reached XP level 6. HP: 38/51 MP: 7/7
  3293 | D:4      | Found a blossoming altar of Fedhas.
  3306 | D:4      | Slain by a centaur
